 Dungeon Sprint DCSS version 0.31-a0-210-gccc998df9b (webtiles) character file.

Game seed: 14877764231891679571

263 Hubris850 the Trooper (level 6, -9/61 HPs)
             Began as a Gargoyle Earth Elementalist on June 29, 2023.
             Was a Follower of Makhleb.
             Mangled by a merfolk
             ... wielding a +0 trident
              (11 damage)
             ... in the Dungeon (Sprint V: "Ziggurat Sprint").
             The game lasted 00:03:11 (160 turns).

Hubris850 the Trooper (Gargoyle Earth Elementalist)  Turns: 160, Time: 00:03:12

Health: -9/61      AC: 19    Str: 25    XL:     6   Next: 19%
Magic:  8/9        EV: 11    Int: 16    God:    Makhleb [*.....]
Gold:   0          SH:  8    Dex: 10    Spells: 8/9 levels left

rFire   + + .        B - +11 Screaming Sword {sonic wave}
rCold   x . .        E - +3 buckler
rNeg    + . .        H - +5 fire dragon scales
rPois   ∞            (no helmet)
rElec   +            (no cloak)
rCorr   .            (no gloves)
SInv    .            (no boots)
Will    .....        (no amulet) Stlth
                     y - +6 ring of strength
HPRegen 0.30/turn    z - +6 ring of strength
MPRegen 0.11/turn

%: no teleportation
@: berserking, very quick
A: sickness immunity, AC +4, negative energy resistance 1, electricity
resistance, torment resistance 1, petrification resistance
a: Renounce Religion


You were in the Dungeon.
You worshipped Makhleb.
Makhleb was aware of your devotion.
You visited 1 branch

Inventory:

Hand Weapons
 k - the +2 triple sword of the Wasteland {holy, Stlth+}
   (You found it in the Dungeon)

   Stlth:     It makes you more stealthy.
 B - the +11 Screaming Sword (weapon) {sonic wave}
   (You found it in the Dungeon)
 C - the +8 lance "Wyrmbane" {slay drac, rPois rF+ rC+ AC+3}
   (You found it in the Dungeon)

   AC:        It affects your AC (+3).
   rF:        It protects you from fire.
   rC:        It protects you from cold.
   rPois:     It protects you from poison.
 D - the +8 storm bow {elec, penet}
   (You found it in the Dungeon)
Armour
 a - a +0 robe
 E - a +3 buckler (worn)
 F - a +3 kite shield
 G - a +3 tower shield
 H - +5 fire dragon scales (worn)
 I - +5 gold dragon scales
 J - +5 storm dragon scales
Jewellery
 t - a ring of flight
 u - a +6 ring of dexterity
 v - a +6 ring of dexterity
 w - a +6 ring of intelligence
 x - a +6 ring of intelligence
 y - a +6 ring of strength (left hand)
 z - a +6 ring of strength (right hand)
 K - a +6 ring of strength
Wands
 q - a wand of mindburst (7)
 r - a wand of iceblast (7)
 s - a wand of light (7)
 A - a wand of charming (5)
Scrolls
 g - 4 scrolls of blinking
 m - 4 scrolls of amnesia
 n - 7 scrolls of fog
 o - 5 scrolls of identify
 p - 2 scrolls of fear
Potions
 b - 8 potions of magic
 c - 10 potions of curing
 d - 10 potions of heal wounds
 e - 6 potions of haste
 f - a potion of berserk rage
 h - 2 potions of brilliance
 i - 2 potions of invisibility
 j - 4 potions of resistance
 l - 5 potions of might


   Skills:
 + Level 6.2 Fighting
 + Level 5.1 Polearms
 + Level 6.2 Armour
 + Level 5.1 Dodging
 - Level 2.1 Stealth
 + Level 6.2 Shields
 - Level 2.0 Spellcasting
 - Level 0.7 Transmutations
 - Level 3.6 Earth Magic


You had 8 spell levels left.
You knew the following spells:

 Your Spells              Type           Power      Damage    Failure   Level
a - Sandblast             Erth           26%        2d8       14%         1

Your spell library contained the following spells:

 Spells                   Type           Power      Damage    Failure   Level
 Passwall                 Tmut/Erth      6%         N/A       36%         2
 Stone Arrow              Conj/Erth      14%        3d7       67%         3
 Petrify                  Tmut/Erth      8%         N/A       95%         4
 Animate Dead             Necr           1%         N/A       99%         4
 Haunt                    Necr/Summ      0%         N/A       100%        7
 Infestation              Necr           0%         N/A       100%        8


Dungeon Overview and Level Annotations

Branches:
Dungeon (1/1)

Altars:
Ashenzari
Cheibriados
Dithmenos
Elyvilon
Fedhas
Gozag
Hepliaklqana
Kikubaaqudgha
Makhleb
Nemelex Xobeh
Okawaru
Qazlal
Ru
Sif Muna
Trog
Uskayaw
Vehumet
Wu Jian
Xom
Yredelemnul
Zin
The Shining One
Jiyva
Lugonu

Annotations:
D 1 transporter


Innate Abilities, Weirdness & Mutations

You are immune to sickness and miasma.
Your stone body is resilient. (AC +4)
You are immune to poison.
You resist negative energy. (rN+)
You are resistant to electric shocks. (rElec)
You are resistant to unholy torment.
You are immune to petrification.


Message History

4 merfolk come into view.
A merfolk is wielding a +0 trident of distortion.
The merfolk shouts! x4
Found four items.
Found a transporter.
The blast of sand hits the merfolk!
The merfolk is lightly wounded.
The merfolk throws a boomerang.
The boomerang barely misses you. You block the merfolk's attack.
A red film seems to cover your vision as you go berserk!
You feel yourself moving faster!
You feel mighty! You block the merfolk's attack.
The merfolk hits you from afar with a +0 trident!
The merfolk misses you.
You feel a strong urge to attack something.
The merfolk hits you but does no damage.
The merfolk closely misses you.
The merfolk hits you but does no damage.
You block the merfolk's attack.
You closely miss the merfolk.
The merfolk is lightly wounded.
The merfolk barely misses you. You block the merfolk's attack. x2
The merfolk hits you with a +0 trident.
You slice the merfolk!!
The merfolk is almost dead.
The merfolk hits you from afar with a +0 trident of distortion!
Space warps horribly around you!
* * * LOW HITPOINT WARNING * * *
You block the merfolk's attack. The merfolk hits you with a +0 trident!
* * * LOW HITPOINT WARNING * * *
You block the merfolk's attack.
You closely miss the merfolk.
The merfolk is almost dead.
Unknown command.
You closely miss the merfolk.
The merfolk is almost dead.
The merfolk hits you from afar with a +0 trident of distortion.
* * * LOW HITPOINT WARNING * * *
The merfolk completely misses you. The merfolk closely misses you.
The merfolk hits you with a +0 trident!
You die...

▓▓▓▓▓▓▓▓▓▓▓▓▓▓▓▓▓▓▓
▓.8©8.▓.8©8.▓.8©8.▓
▓.|:[.▓...}.▓.....▓
▓..)..▓.....▓.|...▓
▓..m..▓.....▓.....▓
▓.mmm.▓..††.▓..)..▓
▓..@..▓.....▓..©..▓
▓..©..▓..©..▓▓▓▓▓▓▓
▓▓▓▓▓▓▓▓▓▓▓▓▓


You could see 4 merfolk.

Vanquished Creatures
  A spriggan (D)
  A black bear (D)
  2 adders (D)
  A ball python (D)
5 creatures vanquished.

Notes
Turn   | Place    | Note
-------+----------+-------------------------------------------
     0 | D        | Hubris850 the Gargoyle Earth Elementalist began the quest
                  | for the Orb.
     0 | D        | Reached XP level 1. HP: 10/10 MP: 3/3
     0 | D        | Found a shimmering blue altar of Sif Muna.
     0 | D        | Found a sacrificial altar of Ru.
     0 | D        | Found a bloodstained altar of Trog.
     0 | D        | Found a stormy altar of Qazlal.
     0 | D        | Found an iron altar of Okawaru.
     0 | D        | Found a sparkling altar of Nemelex Xobeh.
     0 | D        | Found a blossoming altar of Fedhas.
     0 | D        | Found the +6 Majin-Bo {spellvamp, MP+6 Int+6}
     0 | D        | Found the +27 heavy crossbow "Sniper" {heavy, Acc+∞ SInv}
     0 | D        | Found the +10 dark maul {heavy}
     0 | D        | Found the +15 Maxwell's patent armour {-Cast -Tele rElec
                  | Will+ rCorr}
     0 | D        | Found the +18 shield of the Gong {Loud rN+ Will+ rCorr
                  | EV-5}
     0 | D        | Found the +16 obsidian axe {drain, demonic, Mesm Drain Fly
                  | SInv}
     0 | D        | Found the +7 great mace "Firestarter" {flame, immolate,
                  | rFlCloud rF++}
     0 | D        | Found the +6 shillelagh "Devastator" {shatter}
     0 | D        | Found the +11 plutonium sword {Contam Stlth-}
     0 | D        | Found the +8 lance "Wyrmbane" {slay drac, rPois rF+ rC+
                  | AC+3}
     0 | D        | Found the +9 sword of Zonguldrok {reap}
     0 | D        | Found the +13 scythe of Curses {drain, curses, Drain}
     0 | D        | Found the +9 sword of Power {lifebolt}
     0 | D        | Found the +7 mace of Variability {chaos, chaos arc}
     0 | D        | Found the +11 Singing Sword {sonic wave}
     0 | D        | Found the +8 storm bow {elec, penet}
     2 | D        | Found a transporter.
     2 | D        | Found an ancient bone altar of Kikubaaqudgha.
     2 | D        | Found a viscous altar of Jiyva.
     2 | D        | Found a corrupted altar of Lugonu.
     2 | D        | Found a hazy altar of Hepliaklqana.
     2 | D        | Found a burning altar of Makhleb.
     2 | D        | Found an opulent altar of Gozag.
    58 | D        | Reached XP level 2. HP: 19/19 MP: 5/5
    69 | D        | Became a worshipper of Makhleb the Destroyer
    79 | D        | Entered arena 2.
    79 | D        | Noticed a spriggan
    79 | D        | Noticed a black bear
    79 | D        | Found a transporter.
    82 | D        | Killed a spriggan
    83 | D        | Reached skill level 5 in Fighting
    83 | D        | Reached skill level 5 in Armour
    83 | D        | Reached skill level 5 in Shields
    83 | D        | Reached XP level 3. HP: 26/26 MP: 6/6
    83 | D        | Reached XP level 4. HP: 31/31 MP: 7/7
    83 | D        | Reached XP level 5. HP: 35/35 MP: 8/8
    86 | D        | Killed a black bear
    87 | D        | Reached skill level 5 in Polearms
    87 | D        | Reached skill level 5 in Dodging
    87 | D        | Reached XP level 6. HP: 41/41 MP: 9/9
   134 | D        | Entered arena 3.
   134 | D        | Found a transporter.
   139 | D        | Reached * piety under Makhleb
   147 | D        | Got the +2 triple sword of the Wasteland {holy, Stlth+}
   153 | D        | Entered arena 4.
   153 | D        | Noticed a merfolk
   153 | D        | Noticed a merfolk
   153 | D        | Noticed a merfolk
   153 | D        | Noticed a merfolk
   153 | D        | Found a transporter.
   158 | D        | HP: 2/61 [merfolk/+0 trident (16)]
   160 | D        | Mangled by a merfolk

Illustrated notes

Levels and vault maps discovered:
D:        sprint_v [room_start, room_1, room_2, room_3, room_4, room_5, room_6,
          room_7, room_8, room_9, room_10, room_11, room_12, room_13, room_14,
          room_15, room_16, room_17, room_18, room_19, room_20, room_21,
          room_22, room_23, room_24, room_25, room_26, room_27]

Skill      XL: |  1  2  3  4  5 |
---------------+----------------+-----
Fighting       | 3 5 6 |  6.2
Polearms       | 2 4 5 |  5.1
Armour         | 3 5 6 |  6.2
Dodging        | 3 4 5 |  5.1
Shields        | 3 5 6 |  6.2
Stealth        | |  2.1
Spellcasting   | |  2.0
Transmutations | |  0.7
Earth Magic    | |  3.6

Action                     |  1- 3 |  4- 6 || total
---------------------------+-------+-------++-------
  Melee: Double sword      |     2 |    15 ||    17
   Cast: Sandblast         |       |     1 ||     1
    Use: Potion            |     2 |     1 ||     3
 Armour: Fire dragon scale |     3 |    18 ||    21
  Dodge: Dodged            |     3 |    15 ||    18
  Block: Buckler           |     2 |    12 ||    14

Table legend: (Time is in decaauts)
 A = Elapsed time spent in this place.
 B = Non-inter-level travel time spent in this place.
 C = Inter-level travel time spent in this place.
 D = Time resting spent in this place.
 E = Time spent auto-exploring this place.
 F = Levels seen in this place.
 G = Mean time per level.
                   A        B        C        D        E       F      G
               +--------+--------+--------+--------+--------+-----+--------+
         Total |    176 |    176 |      0 |     51 |      0 |   1 |  176.0 |
       Dungeon |    176 |    176 |      0 |     51 |      0 |   1 |  176.0 |
               +--------+--------+--------+--------+--------+-----+--------+

Top non-repeatable levels by time:
       D: 176 daAuts
